Map: Eastwatch LE

Players

Escargot - Winner!

  • Race: Protoss Protoss
  • Spawn Location: 7:00

A.I. 1 (Easy)

  • Race: Zerg Zerg
  • Spawn Location: 1:00

VOD

Have the link to the VOD?

Description

First attempt at a DT rush

Time

  • Played on: March 24, 2018, 12:38 a.m.
  • Length: 6:28
Show
View Real Time Build Order
Export as new Build Order

Escargot Protoss - Winner!

Build Orders: Dark Templar Rush 

Get SALT Encoding   

  12  0:01  Probe  
  13  0:16  Pylon  
  14  0:22  Probe (Chrono Boost)  
  14  0:26  Probe (Chrono Boost)  
  15  0:36  Gateway  
  15  0:38  Probe  
  16  0:47  Assimilator  
  16  0:53  Assimilator  
  16  0:55  Probe  
  17  1:07  Probe  
  18  1:25  Pylon  
  18  1:29  Cybernetics Core  
  18  1:36  Probe (Chrono Boost)  
  20  1:47  Probe (Chrono Boost)  
  20  1:52  Probe (Chrono Boost)  
  21  2:00  Zealot  
  23  2:09  Twilight Council  
  23  2:13  Probe  
  24  2:20  Pylon  
  24  2:25  Probe  
  25  2:34  Robotics Facility  
  25  2:37  Probe  
  26  2:52  Dark Shrine  
  26  3:07  Gateway  
  26  3:08  Gateway  
  26  3:10  Warp Gate (Chrono Boost)  
  26  3:25  Warp Prism (Chrono Boost)  
  28  3:40  Pylon  
  28  4:05  Dark Templar  
  28  4:07  Dark Templar  
  32  4:39  Pylon  
  32  5:34  Dark Templar x3  
  40  6:14  Zealot x3  
Show
View Real Time Build Order
Export as new Build Order

A.I. 1 (Easy) Zerg 

Build Orders: Pool Only 

Get SALT Encoding   

  12  0:00  Drone  
  13  0:12  Overlord  
  13  0:16  Drone  
  14  0:30  Drone  
  14  0:35  Drone  
  16  0:44  Spawning Pool  
  16  0:45  Extractor  
  16  0:48  Drone  
  15  0:52  Drone  
  16  1:00  Overlord  
  16  1:31  Zergling x2  
  17  1:33  Roach Warren, Queen  
  17  1:36  Zergling x2  
  17  1:37  Drone  
  20  1:41  Extractor  
  20  1:44  Drone  
  20  1:52  Zergling x2  
  21  2:03  Zergling x2  
  22  2:14  Zergling x2  
  23  2:24  Zergling x2  
  24  2:35  Overlord  
  24  2:39  Zergling x2  
  24  2:40  Drone  
  26  2:44  Zergling x2  
  26  2:47  Drone  
  28  2:57  Drone  
  29  3:08  Drone  
  29  3:12  Drone  
  31  3:13  Overlord  
  31  3:17  Drone  
  32  5:13  Overlord, Drone, Lair, Roach  
  35  5:17  Drone  
  36  5:21  Drone  
  36  5:26  Drone  
  38  5:33  Roach  
  40  5:47  Drone  
  33  5:52  Drone  
  33  5:53  Roach, Ravager  
  33  5:56  Drone  
  27  6:00  Drone  
  17  6:04  Drone  
  17  6:06  Overlord  
  17  6:09  Drone  
  17  6:10  Overseer  
  16  6:13  Drone  
  19  6:21  Extractor  
Tags
 
Add a new tag
Caveats
  • Supply blocks, unpowered buildings, or Contaminate may cause inaccurate times.
  • Supply counts are checked every 10 seconds.